Map: 골든 월 - 래더

Players

LiquidClem (Clem) - Winner!

  • Race: Terran Terran
  • Spawn Location: 7:00

Stats

  • Race: Protoss Protoss
  • Spawn Location: 5:00

Event: StayAtHomestory Cup #2

VOD

Have the link to the VOD?

Description

Time

  • Played on: June 12, 2020, 2:49 p.m.
  • Length: 8:13

All games in this series

Show
View Real Time Build Order
Export as new Build Order

LiquidClem Terran - Winner!

Build Orders:  

Get SALT Encoding   

  12  0:01  SCV  
  13  0:13  SCV  
  14  0:18  Supply Depot  
  14  0:25  SCV  
  15  0:39  SCV  
  15  0:40  Barracks  
  16  0:46  Refinery  
  16  0:51  SCV  
  17  1:01  Supply Depot  
  17  1:03  SCV  
  18  1:15  SCV  
  19  1:27  Marine  
  19  1:28  Orbital Command  
  20  1:53  Command Center  
  20  1:56  SCV  
  20  2:00  Barracks Reactor  
  21  2:08  SCV  
  21  2:13  Factory  
  22  2:20  SCV  
  23  2:28  Barracks  
  23  2:30  Refinery  
  23  2:33  SCV  
  24  2:37  Marine x2  
  26  2:45  SCV  
  27  2:55  Marine  
  27  2:56  Marine  
  27  2:57  Starport, Widow Mine  
  31  3:04  SCV  
  32  3:06  Orbital Command  
  32  3:14  Barracks Tech Lab  
  32  3:16  SCV  
  32  3:18  Widow Mine  
  35  3:23  Marine x2  
  37  3:28  SCV  
  37  3:33  Medivac, Supply Depot  
  40  3:36  SCV  
  40  3:40  Stimpack  
  41  3:42  SCV  
  41  3:44  Factory Tech Lab  
  41  3:48  SCV, Marine  
  43  3:49  Marine  
  43  3:52  Marine  
  46  3:58  SCV, Supply Depot  
  46  4:00  SCV  
  48  4:09  Barracks  
  48  4:10  SCV, Marauder  
  48  4:12  SCV  
  48  4:16  Engineering Bay  
  52  4:20  Refinery  
  52  4:22  Marine x2  
  54  4:24  Starport Reactor  
  54  4:25  Factory Reactor  
  54  4:27  SCV  
  54  4:29  SCV  
  56  4:34  Marauder  
  58  4:39  SCV, Supply Depot  
  58  4:41  SCV  
  58  4:45  Terran Infantry Weapons Level 1  
  60  4:49  Marine x2  
  62  4:52  Supply Depot  
  62  4:58  Combat Shield  
  62  5:01  SCV x2, Marauder  
  62  5:06  Marauder  
  68  5:09  Marine x2  
  70  5:14  SCV x2  
  70  5:15  Supply Depot  
  70  5:17  Supply Depot  
  70  5:21  Medivac  
  74  5:22  Medivac  
  74  5:26  Marauder  
  78  5:36  SCV, Marine x2, Marauder  
  78  5:41  Supply Depot  
  78  5:42  Widow Mine x2  
  87  5:46  SCV  
  87  5:49  Marauder  
  86  5:52  Supply Depot  
  86  5:56  Marine x2  
  88  6:00  Medivac x2  
  92  6:05  SCV  
  92  6:06  SCV, Refinery  
  92  6:11  Concussive Shells  
  94  6:12  Marauder  
  94  6:13  Marauder  
  94  6:17  SCV  
  99  6:19  SCV  
  99  6:22  Marine x2  
  99  6:23  Supply Depot  
  102  6:29  SCV  
  103  6:36  Marauder x2  
  101  6:40  Widow Mine x2, Medivac  
  101  6:41  Marine x2  
  108  6:51  Command Center  
  107  6:59  Marauder x2  
  111  7:03  Marine x2  
  111  7:05  Medivac  
  111  7:07  Supply Depot  
  115  7:13  Supply Depot  
  115  7:16  Medivac  
  115  7:22  Supply Depot  
  117  7:29  Marauder x2  
  121  7:34  SCV x2  
  121  7:35  Marine  
  122  7:38  Starport  
  121  7:46  Marine  
  121  7:47  SCV  
  121  7:50  SCV  
  121  7:51  Marauder  
  125  7:55  Marine  
Show
View Real Time Build Order
Export as new Build Order

Stats Protoss 

Build Orders: 1 Gate Expand, Blink Stalkers, Colossus Rush 

Get SALT Encoding   

  12  0:00  Probe  
  13  0:12  Probe  
  14  0:18  Pylon  
  14  0:24  Probe  
  15  0:32  Probe  
  15  0:40  Probe, Gateway  
  16  0:48  Assimilator  
  17  0:51  Probe  
  18  1:03  Probe  
  19  1:15  Probe  
  20  1:27  Cybernetics Core  
  20  1:34  Nexus  
  20  1:37  Probe  
  21  1:44  Pylon  
  21  1:49  Assimilator  
  21  1:51  Probe  
  22  1:54  Adept  
  22  2:03  Probe  
  22  2:05  Warp Gate  
  25  2:15  Stalker  
  25  2:16  Probe  
  26  2:24  Shield Battery  
  26  2:28  Probe  
  29  2:40  Probe  
  29  2:43  Probe  
  30  2:51  Probe, Gateway  
  31  2:52  Probe  
  33  2:58  Gateway  
  33  3:00  Probe  
  33  3:04  Probe  
  35  3:11  Stalker  
  37  3:14  Probe  
  37  3:17  Probe  
  39  3:25  Pylon  
  39  3:26  Probe  
  40  3:29  Probe  
  41  3:38  Probe, Twilight Council  
  41  3:41  Probe  
  43  3:42  Robotics Facility  
  43  3:53  Shield Battery  
  43  3:55  Stalker x2  
  47  3:56  Probe  
  47  3:57  Probe  
  47  3:59  Blink  
  49  4:05  Stalker  
  49  4:07  Pylon  
  49  4:09  Probe x2  
  53  4:13  Assimilator  
  53  4:23  Pylon  
  53  4:24  Observer  
  53  4:26  Probe x2  
  56  4:36  Warp Prism  
  56  4:39  Probe x2  
  58  4:48  Assimilator  
  58  4:51  Probe x2  
  62  4:56  Robotics Bay, Pylon  
  62  5:06  Stalker x3  
  68  5:10  Observer  
  68  5:19  Observer  
  69  5:22  Nexus  
  69  5:27  Pylon  
  69  5:35  Colossus  
  69  5:39  Stalker x2  
  69  5:40  Stalker  
  74  5:50  Probe x2  
  82  6:02  Probe x2  
  84  6:06  Sentry, Extended Thermal Lance  
  86  6:13  Pylon  
  86  6:14  Pylon  
  86  6:16  Gateway  
  86  6:19  Forge, Charge  
  86  6:23  Colossus  
  86  6:31  Probe x2  
  88  6:50  Observer, Probe x3  
  88  6:53  Sentry  
  88  6:54  Sentry, Zealot  
  95  6:56  Gateway  
  95  6:59  Gateway, Shield Battery  
  97  7:01  Pylon  
  97  7:02  Probe x3  
  100  7:14  Probe x2  
  100  7:15  Probe  
  103  7:17  Shield Battery  
  103  7:19  Pylon  
  109  7:28  Stalker  
  109  7:29  Stalker  
  111  7:30  Pylon  
  111  7:33  Zealot  
  110  7:50  Nexus  
  108  8:07  Zealot  
  108  8:08  Zealot x5  
Tags
 
Add a new tag
Caveats
  • Supply blocks, unpowered buildings, or Contaminate may cause inaccurate times.
  • Supply counts are checked every 10 seconds.